 Dungeon Crawl Stone Soup version 0.20.1-1-g8b1a95d (webtiles) character file.

3635 manon the Cleaver (level 9, -15/64 HPs)
             Began as a Demonspawn Berserker on Sept 23, 2017.
             Was a High Priest of Trog.
             Demolished by a blink frog (19 damage)
             ... on level 8 of the Dungeon.
             The game lasted 00:27:40 (5959 turns).

manon the Cleaver (Demonspawn Berserker)            Turns: 5959, Time: 00:27:41

Health: -15/64     AC: 11    Str: 20    XL:     9   Next: 87%
Magic:  9/9        EV: 12    Int:  9    God:    Trog [*****.]
Gold:   228        SH:  0    Dex: 22    Spells: 8/8 levels left

rFire    . . .     SeeInvis .   p - +0 war axe
rCold    . . .     Gourm    .   (no shield)
rNeg     . . .     Faith    .   o - +0 ring mail
rPois    .         Spirit   .   z - +0 helmet of the Moneychanger {rElec MR- Dex+9}
rElec    +         Reflect  .   G - +0 cloak
rCorr    +         Harm     +   k - +0 pair of gloves
MR       .....                  (no boots)
Stlth    +.........             D - amulet of harm
Regen    0.2/turn               y - ring of resist corrosion
MPRegen  0.2/turn               (no ring)

@: lethally poisoned (-15 -> -35)
A: claws 1, rugged brown scales 1, demonic guardian 1, powered by pain 1
a: Berserk, Trog's Hand, Brothers in Arms, Burn Spellbooks, Renounce Religion


You were on level 8 of the Dungeon.
You worshipped Trog.
Trog was extremely pleased with you.
You were very hungry.

You visited 2 branches of the dungeon, and saw 9 of its levels.

You collected 318 gold pieces.
You spent 90 gold pieces at shops.

Inventory:

Hand Weapons
 a - a +0 hand axe
 n - a +0 spear
 p - a +0 war axe (weapon)
 E - a +0 broad axe
 J - a +3 flail
Missiles
 d - 162 arrows
 r - 3 tomahawks (quivered)
 C - 56 bolts
 I - 5 tomahawks of returning
 K - 2 throwing nets
 L - 11 poisoned needles
 N - 2 needles of confusion
Armour
 b - a +0 animal skin
 g - a +0 leather armour
 k - a +0 pair of gloves (worn)
 o - a +0 ring mail (worn)
 z - the +0 helmet of the Moneychanger (worn) {rElec MR- Dex+9}
   (You found it on level 4 of the Dungeon)

   It affects your dexterity (+9).
   It insulates you from electricity.
   It affects your resistance to hostile enchantments.
 G - a +0 cloak (worn)
Jewellery
 y - a ring of resist corrosion (left hand)
 D - an amulet of harm (around neck)
Scrolls
 l - 8 scrolls of teleportation
 m - a scroll of torment {unknown}
 q - 2 scrolls of fog
 s - 2 scrolls of immolation
 v - 3 scrolls of remove curse
 x - a scroll of amnesia {unknown}
 F - a scroll of silence {unknown}
 H - a scroll of blinking {unknown}
 M - a scroll of noise {unknown}
 O - a scroll of identify
 P - a scroll of recharging {unknown}
Potions
 e - 3 potions of mutation {unknown}
 h - 5 potions of curing
 j - a potion of magic {unknown}
 t - a potion of lignification {unknown}
 u - 3 potions of heal wounds {unknown}
 A - a potion of brilliance {unknown}
 B - a potion of ambrosia {unknown}
Comestibles
 c - 9 bread rations
 f - 6 meat rations
 i - 13 fruits
 w - 7 royal jellies


   Skills:
 - Level 3.0 Fighting
 * Level 10.9 Axes
 + Level 7.6 Armour
 - Level 1.7 Dodging


You had 8 spell levels left.
You didn't know any spells.

Dungeon Overview and Level Annotations

Branches:
Dungeon (8/15)             Temple (0/1) D:6            Lair (1/6) D:8

Altars:
Gozag
Nemelex Xobeh
Okawaru
Uskayaw
Zin

Shops:
D:8 [


Innate Abilities, Weirdness & Mutations

You have sharp fingernails.
You are partially covered in rugged brown scales. (AC +1, +3% HP)
A weak demonic guardian rushes to your aid.
You sometimes gain a little power by taking damage.


Message History

You are poisoned.
The water moccasin poisons you! The blink frog hits you!
The crocodile bites you.
* * * LOW HITPOINT WARNING * * *
* * * LOW HITPOINT WARNING * * *
You feel sick. The water moccasin misses you.
The blink frog hits you but does no damage.
The blink frog blinks!
The water moccasin bites you.
* * * LOW HITPOINT WARNING * * *
You are more poisoned.
The water moccasin poisons you! The crocodile barely misses you.
You climb upwards.
Welcome back to the Dungeon!
* * * LOW HITPOINT WARNING * * *
You feel very sick.
There is a staircase to the Lair here.
As you read the scroll of fog, it crumbles to dust.
The scroll dissolves into smoke.
* * * LOW HITPOINT WARNING * * *
You feel sick. The blink frog hits you!
You die...

.#.#.## #.##.##.# .
.....# #.... ...
....## #.### ....
...## #.# ##.
..#######.# #######
...#......###PPPPP##
...........#.PPPPPP#
...........#.PP§§SP#
............PPP.@FP#
...............§tPP#
.
....>.........P..PP#
.
..............PPPPP#
.
...............PPPP#
...........#...PPPP#
...#......##....PPP#
..##.....####...PP##
.###..#..#####...##


You could see a blink frog, a water moccasin and a crocodile.

Vanquished Creatures
  A two-headed ogre (D:8)
  The ghost of damerell the Summoner, a novice BaSu of Sif Muna (D:5)
  A komodo dragon (D:8)
  A blink frog (Lair:1)
  2 yaks (D:7)
  A hog (D:7)
  A human (D:7)
  2 ice beasts (D:7)
  An ogre (D:5)
  A big kobold (D:8)
  2 bullfrogs
  A crimson imp (D:4)
  5 hounds
  2 orc priests
  11 orc wizards
  A quasit (D:6)
  A gnoll shaman (D:8)
  A centaur skeleton (D:8)
  Jessica (D:5)
  7 worker ants
  2 hound zombies (D:7)
  10 adders
  10 gnolls
  A shadow imp (D:5)
  An ooze (D:3)
  An adder skeleton (D:6)
  3 worms
  2 dart slugs
  18 orcs
  3 ball pythons (D:2)
  6 bats
  5 giant cockroaches
  3 goblins
  5 hobgoblins
  15 kobolds
  2 quokkas
  2 frilled lizards
  A giant cockroach zombie (D:6)
  A jackal zombie (D:7)
  A leopard gecko skeleton (D:5)
  A quokka skeleton (D:6)
  A quokka zombie (D:5)
  6 rats
  2 plants (D:8)
146 creatures vanquished.

Vanquished Creatures (collateral kills)
  A hog (D:7)
  A black bear (D:6)
  A big kobold (D:7)
  A bullfrog (D:3)
  A bullfrog skeleton (D:5)
  2 orc wizards
  3 orcs
  A giant cockroach (D:4)
  A kobold (D:7)
12 creatures vanquished.

Vanquished Creatures (others)
  A plant (D:8)
1 creature vanquished.

Grand Total: 159 creatures vanquished

Notes
Turn   | Place    | Note
-------+----------+-------------------------------------------
     0 | D:1      | manon the Demonspawn Berserker began the quest for the Orb.
     0 | D:1      | Reached XP level 1. HP: 18/18 MP: 1/1
   370 | D:1      | Reached skill level 3 in Axes
   426 | D:1      | Gained mutation: You are partially covered in rugged brown scales. (AC +1, +3% HP) [demonic ancestry]
   426 | D:1      | Reached XP level 2. HP: 16/24 MP: 2/2
   927 | D:2      | Reached XP level 3. HP: 15/29 MP: 3/3
  1063 | D:2      | Reached ** piety under Trog
  1559 | D:3      | Reached skill level 4 in Axes
  1559 | D:3      | Reached XP level 4. HP: 36/36 MP: 4/4
  1811 | D:3      | Gained mutation: A weak demonic guardian rushes to your aid. [demonic ancestry]
  1811 | D:3      | Reached XP level 5. HP: 42/42 MP: 5/5
  2373 | D:3      | Reached skill level 5 in Axes
  2509 | D:4      | Found an iron altar of Okawaru.
  2576 | D:4      | Reached XP level 6. HP: 28/48 MP: 6/6
  2849 | D:4      | Reached *** piety under Trog
  2927 | D:4      | Got a warped helmet
  3176 | D:4      | Found an opulent altar of Gozag.
  3310 | D:4      | Reached skill level 6 in Axes
  3596 | D:5      | Entered Level 5 of the Dungeon
  3649 | D:5      | Gained mutation: You have sharp fingernails. [demonic ancestry]
  3649 | D:5      | Reached XP level 7. HP: 35/53 MP: 7/7
  3670 | D:5      | Found a sparkling altar of Nemelex Xobeh.
  3670 | D:5      | Noticed Jessica
  3680 | D:5      | Killed Jessica
  3943 | D:5      | Noticed damerell's ghost (novice BaSu)
  3999 | D:5      | Killed damerell's ghost
  3999 | D:5      | Reached skill level 7 in Axes
  4252 | D:5      | Reached skill level 5 in Armour
  4385 | D:5      | Reached **** piety under Trog
  4469 | D:6      | Found a glowing silver altar of Zin.
  4469 | D:6      | Found Zin's Purification Station.
  4478 | D:6      | Bought a potion of curing for 90 gold pieces
  4523 | D:6      | Found a staircase to the Ecumenical Temple.
  4598 | D:6      | Reached XP level 8. HP: 56/59 MP: 8/8
  4926 | D:7      | Reached skill level 8 in Axes
  5031 | D:7      | Reached skill level 9 in Axes
  5040 | D:7      | Gained mutation: You sometimes gain a little power by taking damage. [demonic ancestry]
  5040 | D:7      | Reached XP level 9. HP: 34/64 MP: 9/9
  5082 | D:7      | Identified the +0 helmet of the Moneychanger {rElec MR- Dex+9} (You found it on level 4 of the Dungeon)
  5097 | D:7      | Noticed a hand axe
  5097 | D:7      | Noticed a hand axe
  5100 | D:7      | Found a hide-covered altar of Uskayaw.
  5264 | D:7      | Received a gift from Trog
  5452 | D:7      | Reached ***** piety under Trog
  5685 | D:8      | Reached skill level 10 in Axes
  5707 | D:8      | Found Xegrabur's Armour Shoppe.
  5795 | D:8      | Found a staircase to the Lair.
  5796 | D:8      | Noticed a komodo dragon
  5814 | D:8      | Killed a komodo dragon
  5814 | D:8      | Received a gift from Trog
  5881 | D:8      | Noticed a two-headed ogre
  5889 | D:8      | Killed a two-headed ogre
  5950 | Lair:1   | Entered Level 1 of the Lair of Beasts
  5959 | D:8      | Demolished by a blink frog

Skill      XL: |  1  2  3  4  5  6  7  8  9 |
---------------+----------------------------+-----
Armour         | 2 3 4 5 6 7 |  7.6
Axes           | 3 4 5 6 7 9 10 | 10.9
Fighting       | |  3.0
Dodging        | |  1.7

Action                   |  1- 3 |  4- 6 |  7- 9 || total
-------------------------+-------+-------+-------++-------
Melee: Hand axe          |    57 |       |       ||    57
       War axe           |    76 |   167 |   255 ||   498
Throw: Tomahawk          |       |     7 |     9 ||    16
Invok: Berserk           |       |       |     7 ||     7
       Burn Spellbooks   |       |       |     4 ||     4
  Use: Scroll            |       |     3 |     4 ||     7
       Potion            |       |       |     1 ||     1
 Stab: Sleeping          |     1 |       |       ||     1
       Distracted        |       |       |     1 ||     1
  Eat: Chunk             |     2 |     7 |    11 ||    20
       Fruit             |       |       |     2 ||     2
Armor: Leather armour    |    20 |       |       ||    20
       Animal skin       |     2 |       |       ||     2
       Ring mail         |    48 |    64 |   123 ||   235
Dodge: Dodged            |   121 |   106 |   137 ||   364
